← All builds
Front / Armada / Quick factory / OBSERVED BUILD

Mace rush

Armada Front build order · Supreme Isthmus

A very early T1 bot assault from the Bot Lab, pushing Mace bots to the middle from under 2:00, far ahead of the role's norm, sometimes reaching into the enemy base before shifting to the usual later army.

#rush #raid · 60 distinct matches · 31 players · 2% of Armada Front games · team won 52% of 60 · Recently observed

THE CATCH, AND WHAT COMES WITH IT
  • MaceT1 bot assault from 2:00 · 4% of role by thenFrom the Bot Lab. Only 4% of Front games have it by then; others who build it get it around 2:57
  • MaceMace in 73%3% of all Front games by then

Where those units first fight, in 60 games with kill data: in the middle 92%, on their own side 8%.

Those units destroy a typical 2,006 metal of enemy units by 15:00.

Then transitions into rocketeer (14% of army), pawn (10% of army), centurion (8% of army).

HOW TO PLAY IT

Key timing: Mace by 2:36

  1. Open double mex into fast Bot Lab, skip extra eco.
  2. Finish Bot Lab early and start cranking Mace.
  3. Push first Mace straight to middle, harass enemy eco.
  4. Keep feeding Mace to front as your main force.
  5. Reclaim Bot Lab and shift into mixed bot army.

Phase by phase

TYPICAL OF ITS 60 GAMES · AGAINST STANDARD FRONT
  1. 1
  2. 2
  3. 3
  4. 4
PLAY THE OPENING

Follow the example game's first 6:00 step by step: what to build now, what comes next, and where it goes. At 1× it keeps pace with your own game.

  1. 1

    Up to the Bot Lab

    Economy
    • Metal Extractor2Mex
    Order
    1. Bot LabBot Lab after 2 mexdone ~0:35, middle half 0:27–0:41

    By 0:19 in all: 2 mex

    The example game in this phase · 2 steps
    1. Mex ×2
    2. Bot LabBot Labdone 0:33 · typical 0:35
  2. 2

    Bot Lab to T1 bot assault

    Economy
    • Metal Extractor2Mex
    • Wind Turbine2Wind
    Order
    1. MaceT1 bot assault after 4 mex, 2 wind
    Builders
    • Construction Bot2 Con bot +2 vs standard
    • Lazarus1 Lazarus
    Army
    • Tick3 Tick +3 vs standard

    Some games also: pawn (48%) · centurion (37%)

    By 1:57 in all: 4 mex · 2 wind

    The example game in this phase · 16 steps
    1. TickTick
    2. Wind
    3. TickTick ×2
    4. Wind
    5. TickTick
    6. Wind
    7. TickTick
    8. Wind
    9. LazarusLazarus ×2
    10. Construction BotCon bot ×2
    11. Mex
    12. LazarusLazarus
    13. Construction BotCon bot
    14. Mex ×2
    15. Radar TowerRadar Tower
    16. MaceMacedone 2:45
  3. 3

    T1 bot assault to 5:00

    Economy
    • Metal Extractor3Mex
    Builders
    • Lazarus1 Lazarus
    • Construction Bot1 Con bot
    Army
    • Sentry1 Sentry
    • Mace9 Mace +9 vs standard

    Some games also: wind (47%) · con turret (42%) · rocketeer (42%)

    The standard build makes here, this one skips: 2 wind · 6 rocketeer

    By 5:00 in all: 6 mex · 4 wind · 1 con turret

    The example game in this phase · 17 steps
    1. MaceMace
    2. SentrySentry
    3. Mex
    4. MaceMace ×3
    5. RocketeerRocketeer
    6. SentrySentry
    7. RocketeerRocketeer
    8. SentrySentry
    9. TickTick
    10. CenturionCenturion
    11. LazarusLazarus
    12. Construction BotCon bot
    13. BeamerBeamer
    14. MaceMace ×4
    15. BeamerBeamer
    16. MaceMace
    17. RocketeerRocketeer
  4. 4

    5:00 to 10:00

    Economy
    • Metal Extractor1Mex
    • Wind Turbine20Wind
    Builders
    • Construction Turret2 Con turret
    • Construction Bot2 Con bot +2 vs standard
    • Lazarus1 Lazarus
    Army
    • Sentry1 Sentry
    • Mace4 Mace +4 vs standard

    Some games also: energy storage (50%) · Radar Tower (50%) · rocketeer (45%) · converter (40%) · centurion (37%) · eat Bot Lab (32%)

    By 10:00 in all: 8 mex · 28 wind · 1 energy storage · 3 con turret

    The example game in this phase · 172 steps
    1. RocketeerRocketeer
    2. Con turret
    3. TickTick
    4. CenturionCenturion
    5. OverwatchOverwatch
    6. LazarusLazarus
    7. Wind
    8. Construction BotCon bot
    9. Wind ×2
    10. MaceMace
    11. Wind
    12. MaceMace
    13. Wind
    14. MaceMace
    15. GauntletGauntletdone 7:24
    16. MaceMace
    17. Wind
    18. MaceMace
    19. Wind
    20. RocketeerRocketeer
    21. Wind
    22. RocketeerRocketeer
    23. TickTick
    24. Wind
    25. CenturionCenturion
    26. Wind
    27. Con turret
    28. Dragon's TeethDragon's Teeth ×2
    29. LazarusLazarus
    30. Dragon's TeethDragon's Teeth
    31. Wind
    32. GauntletGauntlet
    33. Construction BotCon bot
    34. Advanced Metal ExtractorT2 mexdone 9:20 · typical 9:29
    35. Wind
    36. MaceMace
    37. Wind
    38. MaceMace
    39. Wind
    40. MaceMace
    41. RocketeerRocketeer
    42. TickTick
    43. LazarusLazarus
    44. Wind
    45. Construction BotCon bot
    46. TickTick ×3
    47. Wind
    48. TickTick
    49. Converter
    50. TickTick ×2
    51. Converter
    52. Wind
    53. TickTick
    54. Advanced Metal ExtractorT2 mex
    55. TickTick ×2
    56. Dragon's TeethDragon's Teeth
    57. Converter
    58. Dragon's TeethDragon's Teeth
    59. TickTick
    60. Wind
    61. TickTick ×2
    62. Converter
    63. TickTick
    64. Wind
    65. TickTick ×2
    66. Converter
    67. TickTick
    68. Wind
    69. TickTick ×2
    70. Converter
    71. Mexfor Suicide front
    72. TickTick ×2
    73. Wind
    74. LazarusLazarus
    75. Converter
    76. Wind
    77. Construction BotCon bot
    78. Advanced Metal ExtractorT2 mex
    79. Converter
    80. Wind
    81. SentrySentry
    82. Converter
    83. TickTick ×3
    84. Wind
    85. TickTick ×2
    86. Converter
    87. TickTick
    88. Wind
    89. Mex
    90. TickTick ×2
    91. Converter
    92. TickTick
    93. Wind
    94. TickTick ×2
    95. Converter
    96. TickTick ×2
    97. Wind
    98. TickTick
    99. Converter
    100. TickTick ×2
    101. Wind
    102. TickTick
    103. Converter
    104. TickTick ×2
    105. Advanced Metal ExtractorT2 mex
    106. TickTick
    107. Wind
    108. Converter
    109. LazarusLazarus
    110. Construction BotCon bot
    111. Converter
    112. Wind
    113. TickTick ×2
    114. Wind
    115. Converter
    116. TickTick
    117. Metal storage
    118. Con turret
    119. TickTick
    120. Converter
    121. TickTick
    122. Wind
    123. TickTick ×2
    124. Wind
    125. TickTick ×2
    126. Converter
    127. TickTick ×2
    128. Wind
    129. TickTick ×3
    130. Converter
    131. TickTick
    132. Advanced Metal ExtractorT2 mex
    133. TickTick ×2
    134. Wind
    135. TickTick
    136. Converter
    137. TickTick ×2
    138. Wind
    139. LazarusLazarus
    140. Converter
    141. Wind
    142. Construction BotCon bot
    143. Wind
    144. TickTick ×2
    145. Converter
    146. Wind
    147. TickTick ×2
    148. Con turret
    149. TickTick
    150. Wind
    151. TickTick
    152. Converter
    153. TickTick ×2
    154. Wind
    155. TickTick ×2
    156. Wind
    157. TickTick
    158. Con turret
    159. TickTick
    160. Wind
    161. TickTick ×2
    162. Wind
    163. TickTick
    164. Con turret
    165. TickTick ×4
    166. Con turret
    167. TickTick
    168. LazarusLazarus
    169. Construction BotCon bot
    170. Wind
    171. Advanced Metal ExtractorT2 mex
    172. TickTick

Counts are medians over the build's games: half of them build more, half fewer. The example game is RG22's (30 OS, 02/10/2026); pick another.

Team trades

IN AT LEAST 30% OF ITS GAMES

You hand over

Nothing regular.

You get

  • Tidal Generator4 Tidal from Pondfirst at 0:15 · in 63% of games
  • Tidal Generator4 Tidal from Pondfirst at 0:19 · in 32% of games
  • Advanced Construction Bot1 T2 con bot from Geo or Techfirst at 7:50 · in 68% of games

How it plays out

Typical game of this build against the role’s standard build, running totals by minute

  • This build
  • Standard front

Metal produced

010k20k30k
0:005:0010:0015:00

metal

Enemy metal destroyed

05k10k
0:005:0010:0015:00

metal

Own metal lost

05k10k
0:005:0010:0015:00

metal

60 games.

Show as table
ByMetal produced: This buildMetal produced: Standard frontEnemy metal destroyed: This buildEnemy metal destroyed: Standard frontOwn metal lost: This buildOwn metal lost: Standard front
1:003303330000
2:008428400212131
3:001645161810813585108
4:0027052700401522328333
5:00396338478801128806787
6:00520150351461192813601428
7:00650562501974272021272303
8:00781975353035354630013173
9:00932089734091433037654071
10:0011239105424522501146704810
11:0013219123755010554052565548
12:0014831145285622599856226409
13:0017504168596512647064717001
14:0020188192176889718675517827
15:0022589218497460787091378694
WHAT THE NUMBERS SAY

Won less often than the standard build despite similar early production, trading slightly less enemy metal destroyed for slightly more own losses by 15:00.

  • + Mace arrives by 5:57 in 90% of games vs 2% for the role.
  • − Team win rate 50% vs 62% for the standard build.
  • − Metal lost by 15:00 (9434) higher than standard (8941).
THE EXAMPLE YOU ARE READING

RG22

30.3 OS · 02/10/2026

Open source match ↗

19 received units · includes a constructor
580 metal received · 18035 energy received

Allied construction assistance is unknown. Timings are observations, not a promise of solo reproducibility.

Typical milestones

Bot Lab0:35Middle 50%: 0:27–0:41 · n=60
Advanced Metal Extractor9:29Middle 50%: 8:45–10:11 · n=47

Played most by

TheGeneraI10games of this build[crd]sisa7games of this buildOUDLES4games of this buildXuunnY4games of this build_[BOBO]_3games of this build